 Dungeon Crawl Stone Soup version 0.28.0-53-g5a82cb258f (webtiles) character file.

Game seed: 17819549568109037045

278 Sin92 the Skirmisher (level 6, 0/48 HPs)
             Began as a Demonspawn Fighter on June 7, 2022.
             Slain by a black bear (2 damage)
             ... on level 4 of the Dungeon.
             The game lasted 00:02:17 (3554 turns).

Sin92 the Skirmisher (Demonspawn Fighter)           Turns: 3554, Time: 00:02:17

Health: 0/48       AC: 11    Str: 17    XL:     6   Next: 5%
Magic:  6/6        EV: 10    Int:  9    God:
Gold:   186        SH:  5    Dex: 14    Spells: 5/5 levels left

rFire   . . .      SeeInvis .   a - +1 trident
rCold   . . .      Faith    .   c - +0 buckler
rNeg    . . .      Spirit   .   b - +0 scale mail
rPois   .          Reflect  .   g - +2 hat
rElec   .          Harm     .   (no cloak)
rCorr   .          Rampage  .   (no gloves)
Will    .....                   (no boots)
Stlth   ..........              (no amulet)
HPRegen 0.16/turn               (no ring)
MPRegen 0.10/turn               (no ring)

@: no status effects
A: antennae 2, molten scales 1, demonic magic 1
a: no special abilities


You were on level 4 of the Dungeon.
You visited 1 branch of the dungeon, and saw 4 of its levels.

You collected 186 gold pieces.

Inventory:

Hand Weapons
 a - a +1 trident (weapon)
Armour
 b - a +0 scale mail (worn)
 c - a +0 buckler (worn)
 g - a +2 hat (worn)
Scrolls
 f - a scroll of noise {unknown}
 h - 3 scrolls of blinking {unknown}
 k - 2 scrolls of teleportation {unknown}
 m - 2 scrolls of identify {unknown}
 n - a scroll of vulnerability {unknown}
Potions
 d - 3 potions of might
 e - 2 potions of lignification {unknown}
 i - a potion of resistance {unknown}
 j - a potion of mutation {unknown}
 l - 2 potions of attraction {unknown}


   Skills:
 + Level 4.0 Fighting
 + Level 2.9 Polearms
 + Level 3.7 Armour
 + Level 2.2 Dodging
 + Level 3.6 Shields


You had 5 spell levels left.
You didn't know any spells.
Your spell library contained the following spells:

 Spells                   Type           Power      Damage    Failure   Level
 Beastly Appendage        Tmut           0%         N/A       86%         1
 Wereblood                Tmut           0%         N/A       95%         2
 Spider Form              Tmut/Pois      0%         N/A       99%         3
 Tukima's Dance           Hex            0%         N/A       99%         3
 Passage of Golubria      Tloc           0%         N/A       100%        4
 Yara's Violent Unravell  Hex/Tmut       0%         3d3       100%        5


Dungeon Overview and Level Annotations

Branches:
Dungeon (4/15)
 Temple: D:4-7

Altars:


Innate Abilities, Weirdness & Mutations

You have a pair of antennae on your head.
You are partially covered in molten scales. (AC +2)
Spells you cast may paralyse adjacent enemies.


Message History

* * * LOW HITPOINT WARNING * * *
The black bear claws you but does no damage.
You barely miss the black bear.
The black bear is severely wounded.
You block the black bear's attack.
The black bear claws you but does no damage.
You block the black bear's attack.
You closely miss the black bear.
The black bear is severely wounded.
The black bear bites you.
* * * LOW HITPOINT WARNING * * *
The black bear claws you but does no damage. x2
You hit the black bear but do no damage.
The black bear is severely wounded.
The black bear barely misses you.
The black bear claws you but does no damage. x2
Unknown command.
You hit the black bear.
The black bear is severely wounded.
The black bear goes berserk!
Unknown command.
You hit the black bear.
The black bear is almost dead.
You block the black bear's attack.
The black bear claws you but does no damage.
The black bear barely misses you. The black bear bites you.
* * * LOW HITPOINT WARNING * * *
The black bear claws you but does no damage.
The black bear barely misses you.
You hit the black bear.
The black bear is almost dead.
The black bear bites you but does no damage.
The black bear claws you.
* * * LOW HITPOINT WARNING * * *
The black bear claws you.
* * * LOW HITPOINT WARNING * * *
The black bear barely misses you. The black bear claws you.
* * * LOW HITPOINT WARNING * * *
The black bear claws you.
You die...

#........ .....................
#..............................#
...###..................#
........................#
$...................#####
....................#
............#.......#
....................#####
#.....h@<..............#
..............######.....
.............## #.....
..######.....# #....# . #.....#
###### #.....# # #.....# #######


You could see a black bear (berserk).

Vanquished Creatures
  Blork the orc (D:4)
  8 gnolls
  3 adders
  An adder skeleton (D:4)
  5 worms
  2 dart slugs (D:2)
  5 orcs (D:3)
  11 ball pythons
  3 bats
  3 endoplasms
  6 giant cockroaches
  9 goblins
  10 hobgoblins
  2 jackals (D:2)
  A quokka (D:4)
  5 frilled lizards
  6 kobolds
  7 rats (D:1)
88 creatures vanquished.

Vanquished Creatures (others)
  A plant (D:1)
1 creature vanquished.

Grand Total: 89 creatures vanquished

Notes
Turn   | Place    | Note
-------+----------+-------------------------------------------
     0 | D:1      | Sin92 the Demonspawn Fighter began the quest for the Orb.
     0 | D:1      | Reached XP level 1. HP: 18/18 MP: 1/1
   113 | D:1      | Gained mutation: Spells you cast may paralyse adjacent
                  | enemies. [demonic ancestry]
   113 | D:1      | Reached XP level 2. HP: 24/24 MP: 2/2
   585 | D:1      | Gained mutation: You have a pair of small antennae on your
                  | head. [demonic ancestry]
   585 | D:1      | Reached XP level 3. HP: 29/29 MP: 3/3
   804 | D:1      | Found a faded altar of an unknown god.
   950 | D:2      | Reached skill level 1 in Dodging
  1334 | D:2      | Gained mutation: You are partially covered in molten
                  | scales. (AC +2) [demonic ancestry]
  1334 | D:2      | Reached XP level 4. HP: 35/35 MP: 4/4
  2331 | D:3      | Reached XP level 5. HP: 10/42 MP: 5/5
  3474 | D:4      | Noticed Blork the orc
  3487 | D:4      | Killed Blork the orc
  3488 | D:4      | Reached skill level 4 in Fighting
  3488 | D:4      | Gained mutation: You have a pair of antennae on your head.
                  | [demonic ancestry]
  3488 | D:4      | Reached XP level 6. HP: 12/48 MP: 6/6
  3554 | D:4      | HP: 2/48 [black bear (2)]
  3554 | D:4      | Slain by a black bear

Illustrated notes

Levels and vault maps discovered:
D:1:      psy_arrival_dodecagon, layout_basic,
          shapermc_ecumenical_altar_hornbeckon, minmay_misc_feat_nine_boxes,
          hangedman_decor_clover_reticule, serial_bayou_pond_a, minmay_tall_x
D:2:      cheibrodos_greedy_goblins, layout_loops_cross, grunt_ministairs_8,
          minmay_distorted
D:3:      layout_basic
D:4:      layout_rooms, portal_sewer_entry_b, uniq_duvessa, uniq_blork_the_orc

Skill      XL: |  1  2  3  4  5 |
---------------+----------------+-----
Polearms       | 2 |  2.9
Armour         | 3 |  3.7
Shields        | 3 |  3.6
Dodging        | 1 2 |  2.2
Fighting       | 4 |  4.0

Action                   |  1- 3 |  4- 6 || total
-------------------------+-------+-------++-------
Melee: Trident           |   135 |   167 ||   302
  Use: Scroll            |     1 |       ||     1
Armor: Scale mail        |    43 |    68 ||   111
Dodge: Dodged            |    62 |    73 ||   135
Block: Buckler           |    16 |    28 ||    44
